 Dungeon Crawl Stone Soup version 0.24-a0-581-gc0fa660 (webtiles) character file.

Game seed: 14619183091541119117

107 Firecrotchwizard the Ruffian (level 4, -1/35 HPs)
             Began as a Draconian Transmuter on Aug 26, 2019.
             Slain by an orc
             ... wielding a +0 flail
              (2 damage)
             ... on level 3 of the Dungeon.
             The game lasted 00:06:34 (2461 turns).

Firecrotchwizard the Ruffian (Draconian Transmuter) Turns: 2461, Time: 00:06:34

Health: -1/35      AC:  5    Str: 13    XL:     4   Next: 57%
Magic:  3/7        EV: 12    Int: 14    God:
Gold:   111        SH:  0    Dex: 11    Spells: 4/7 levels left

rFire    x . .     SeeInvis .     - Unarmed
rCold    + . .     Gourm    .   (no shield)
rNeg     . . .     Faith    .   (armour unavailable)
rPois    .         Spirit   .   (helmet restricted)
rElec    .         Reflect  .   (no cloak)
rCorr    .         Harm     .   (no gloves)
MR       .....                  (no boots)
Stlth    +.........             (no amulet)
HPRegen  0.11/turn              o - ring of ice {rC+, rF-}
MPRegen  0.10/turn              (no ring)

@: no status effects
A: unfitting armour, cold-blooded, AC +5
a: no special abilities


You were on level 3 of the Dungeon.
You were hungry.

You visited 1 branch of the dungeon, and saw 3 of its levels.

You collected 111 gold pieces.

Inventory:

Missiles
 a - 31 arrows
 q - 2 throwing nets {=f, !d}
Jewellery
 o - a ring of ice (left hand) {rC+, rF-}
   (You found it on level 3 of the Dungeon)
Wands
 p - a wand of polymorph (10)
   (You found it on level 3 of the Dungeon)
Scrolls
 b - a scroll of blinking {unknown}
 h - 5 scrolls of identify {unknown}
 l - a scroll of enchant weapon {unknown}
 m - a scroll of immolation {unknown}
 n - a scroll of enchant armour {unknown}
 r - a scroll of amnesia {unknown}
 s - a scroll of remove curse
Potions
 d - 4 potions of curing {unknown}
 e - a potion of might {unknown}
 f - a potion of heal wounds {unknown}
 g - 2 potions of agility {unknown}
 i - 2 potions of ambrosia {unknown}
 k - a potion of flight {unknown}
Comestibles
 c - 7 rations
 j - a chunk of flesh {@w0}


   Skills:
 - Level 1.1 Fighting
 - Level 1.7 Dodging
 * Level 4.7 Unarmed Combat
 - Level 2.0 Spellcasting
 + Level 3.2 Transmutations


You had 4 spell levels left.
You knew the following spells:

 Your Spells              Type           Power        Failure   Level  Hunger
a - Beastly Appendage     Tmut           ##....       6%          1    ##.....
s - Sticks to Snakes      Tmut           ##......     10%         2    ###....

Your spell library contained the following spells:

 Spells                   Type           Power        Failure   Level  Hunger
 Spider Form              Tmut/Pois      #.........   36%         3    ####...
 Ice Form                 Ice/Tmut       #.......     77%         4    #####..
 Blade Hands              Tmut           ##........   87%         5    ######.


Dungeon Overview and Level Annotations

Branches:
Dungeon (3/15)

Altars:
Elyvilon


Innate Abilities, Weirdness & Mutations

Your plain brown scales are hard. (AC +5)
You cannot fit into any form of body armour.
You are cold-blooded and may be slowed by cold attacks.


Message History

A hound comes into view.
The hound barks!
You punch the hound! The hound barely misses you.
You hit the hound. The hound bites you.
You take 1 damage, and have 32/35 hp.
You hit the hound.
Your talons disappear.
The hound bites you but does no damage.
The hound stops to sniff the ground.
The hound closely misses you.
You punch the hound!
You kill the hound!
MP restored: 7 No target in view!
You now have 111 gold pieces (gained 14).
c - 7 rations (gained 1)
An orc comes into view. It is wielding a +0 whip.
You regained 2 hp, and now have 34/35 hp.
An orc is nearby!
An orc is nearby!
An orc priest comes into view. It is wielding a +0 club.
An orc comes into view. It is wielding a +0 flail.
The orc shouts!
The orc priest shouts!
You hear a shout!
Your feet morph into talons.
The orc shouts!
Your transformation is almost over.
An orc comes into view. It is wielding a +0 dagger.
You now have 6/7 mp.
An orc wizard comes into view. It is wielding a +1 dagger of speed.
The orc wizard shouts!
The orc priest mumbles some strange prayers to Beogh against you.
Pain shoots through your body!
You take 9 damage, and have 25/35 hp.
MASSIVE DAMAGE!!
You create a snake!
You now have 32 arrows.
You are feeling hungry.
The orc priest mumbles some strange prayers to Beogh against you.
Beogh smites you!
You take 9 damage, and have 16/35 hp.
MASSIVE DAMAGE!!
You now have 4/7 mp.
Casting: Sticks to Snakes (safe; 10% risk of failure)
You create a snake!
You now have 31 arrows.
You now have 2/7 mp.
The orc barely misses you. The orc priest barely misses you.
You barely miss the orc priest.
Your tail-slap misses the orc priest.
Your ball python closely misses the orc.
Your ball python grabs the orc.
Your ball python constricts the orc.
The orc misses you.
Your ball python barely misses the orc priest.
Your ball python grabs the orc priest.
Your ball python constricts the orc priest.
The orc hits you but does no damage. The orc closely misses you.
The orc priest looks braver for a moment.
You hit the orc priest.
Your ball python bites the orc but does no damage.
Your ball python constricts the orc.
Your ball python bites the orc priest.
Your ball python constricts the orc priest.
The orc barely misses you.
The orc hits your ball python with a +0 dagger.
Your ball python dies!
The orc hits you but does no damage.
You barely miss the orc priest.
Your ball python bites the orc priest.
Your ball python constricts the orc.
The orc hits you but does no damage. The orc barely misses you.
The orc priest invokes the aid of Beogh against your ball python.
Your ball python is smitten.
Your ball python dies!
You barely miss the orc priest.
The orc priest shouts!
Your kick misses the orc priest. The orc closely misses you.
The orc barely misses you. The orc hits you but does no damage.
The orc wizard barely misses you.
You hit the orc priest. The orc priest hits you with a +0 club.
The orc hits you with a +0 flail. The orc wizard casts a spell at you.
The puff of flame misses you. The orc hits you with a +0 dagger.
* * * LOW HITPOINT WARNING * * *
The orc hits you with a +0 whip.
* * * LOW HITPOINT WARNING * * *
You take 10 damage, and have 7/35 hp.
MASSIVE DAMAGE!!
You closely miss the orc priest. You tail-slap the orc priest.
The orc priest closely misses you. The orc barely misses you.
The orc wizard hits you with a +1 dagger of speed.
* * * LOW HITPOINT WARNING * * *
You take 1 damage, and have 6/35 hp.
You hit the orc priest but do no damage.
Your talons disappear.
The orc completely misses you. The orc hits you with a +0 whip.
* * * LOW HITPOINT WARNING * * *
The orc priest misses you.
The orc wizard points at you and mumbles some strange words.
The puff of frost hits you. You resist.
* * * LOW HITPOINT WARNING * * *
You take 5 damage, and have 1/35 hp.
Unknown command.
You closely miss the orc priest. The orc hits you but does no damage. x2
The orc hits you with a +0 flail.
You die...

# .. # ...
#####################...
........................
.....)..................
........................
......................$.
......................#
<..............o@o...$#
...............ooo......
......................##
.........(........?....#
.......................#
...................$....
.......(..............#.
...<...................
.........


You could see an orc priest, an orc wizard and 3 orcs.

Vanquished Creatures
  A hound (D:3)
  A hound skeleton (D:3)
  2 adders (D:2)
  A worm (D:2)
  2 dart slugs (D:1)
  A bat (D:1)
  A giant cockroach (D:3)
  8 goblins
  2 hobgoblins
  2 jackals (D:1)
  3 frilled lizards
  5 kobolds
  5 rats (D:2)
34 creatures vanquished.

Vanquished Creatures (collateral kills)
  An adder (D:2)
1 creature vanquished.

Grand Total: 35 creatures vanquished

Notes
Turn   | Place    | Note
-------+----------+-------------------------------------------
     0 | D:1      | Firecrotchwizard the Draconian Transmuter began the quest
                  | for the Orb.
     0 | D:1      | Reached XP level 1. HP: 16/16 MP: 3/3
   358 | D:1      | Reached XP level 2. HP: 23/23 MP: 3/5
   365 | D:1      | Learned a level 2 spell: Sticks to Snakes
  1502 | D:2      | Reached XP level 3. HP: 20/28 MP: 2/6
  1560 | D:2      | Reached skill level 4 in Unarmed Combat
  2032 | D:2      | Found a white marble altar of Elyvilon.
  2414 | D:3      | Reached skill level 3 in Transmutations
  2414 | D:3      | Reached XP level 4. HP: 31/35 MP: 5/7
  2458 | D:3      | HP: 7/35 [orc/+0 whip (2)]
  2460 | D:3      | HP: 3/35 [orc/+0 whip (3)]
  2460 | D:3      | HP: 1/35 [orc wizard/puff of frost (2)]
  2461 | D:3      | Slain by an orc

Levels and vault maps discovered:
D:1:      psy_arrival_whirlpool, layout_basic
D:2:      layout_loops_cross, first_ration, elyvilon_altar_5
D:3:      layout_basic

Skill      XL: |  1  2  3 |
---------------+----------+-----
Unarmed Combat | 4 |  4.7
Transmutations | 3 |  3.2
Fighting       | |  1.1
Dodging        | |  1.7
Spellcasting   | |  2.0

Action                   |  1- 3 |  4- 6 || total
-------------------------+-------+-------++-------
Melee: Unarmed           |   121 |    13 ||   134
       Kick              |    13 |       ||    13
       Tailslap          |     6 |     1 ||     7
       Headbutt          |     2 |       ||     2
       Punch             |     2 |       ||     2
 Cast: Beastly Appendage |    14 |     1 ||    15
       Sticks to Snakes  |     4 |     2 ||     6
  Use: Scroll            |     2 |       ||     2
  Eat: Chunk             |     5 |       ||     5
Armor: Skin              |    31 |     6 ||    37
Dodge: Dodged            |    48 |    16 ||    64

Table legend:
 A = Non-vault XP
 B = Vault XP
 C = Vault XP percentage of total XP
 D = Non-vault monster count
 E = Vault monster count
 F = Vault count percentage of total count
                 A         B        C        D         E       F
            +---------+---------+-------+---------+---------+-------
      Total |     154 |       0 |   0.0 |      35 |       0 |   0.0
            +---------+---------+-------+---------+---------+-------
        D:1 |      26 |       0 |   0.0 |      13 |       0 |   0.0
        D:2 |      58 |       0 |   0.0 |      16 |       0 |   0.0
        D:3 |      70 |       0 |   0.0 |       6 |       0 |   0.0
            +---------+---------+-------+---------+---------+-------

Levels and vault maps discovered:
D:1:      psy_arrival_whirlpool, layout_basic
D:2:      layout_loops_cross, first_ration, elyvilon_altar_5
D:3:      layout_basic

Table legend:
 A = Turns spent in this place as a percentage of turns spent in the entire game.
 B = Non-inter-level travel turns spent in this place as a percentage of non-inter-level travel turns spent in the entire game.
 C = Inter-level travel turns spent in this place as a percentage of turns spent in this place.
 D = Turns resting spent in this place as a percentage of non-inter-level travel turns spent in this place.
 E = Turns spent auto-exploring this place as a percentage of non-inter-level travel turns spent in this place.
 F = Non-inter-level travel turns spent in this place divided by the number of levels of this place that you've seen.
                   A       B       C       D       E      F
               +-------+-------+-------+-------+-------+----------------------
         Total | 100.0 | 100.0 |   1.6 |  32.2 |  51.7 | 807.3
       Dungeon | 100.0 | 100.0 |   1.6 |  32.2 |  51.7 | 807.3
               +-------+-------+-------+-------+-------+----------------------

Table legend:
 A = Kills in this place as a percentage of kills in entire the game.
 B = Kills by you in this place as a percentage of kills by you in the entire game.
 C = Kills by friends in this place as a percentage of kills by friends in the entire game.
 D = Other kills in this place as a percentage of other kills in the entire game.
 E = Experience gained in this place as a percentage of experience gained in the entire game.
 F = Experience gained in this place divided by the number of levels of this place that you have seen.
                   A       B       C       D       E      F
               +-------+-------+-------+-------+-------+----------------------
         Total | 100.0 | 100.0 | 100.0 |   N/A | 100.0 |  51.3
       Dungeon | 100.0 | 100.0 | 100.0 |   N/A | 100.0 |  51.3
               +-------+-------+-------+-------+-------+----------------------
